 Dungeon Sprint DCSS version 0.30-a0-292-g0f741e3f8e (webtiles) character file.

Game seed: 18384226520998764335

93 Darkkill the Trooper (level 4, -5/28 HPs)
             Began as a Gargoyle Monk on Oct 17, 2022.
             Was a Believer of Hepliaklqana.
             Slain by a gnoll sergeant
             ... wielding a +0 spear
              (11 damage)
             ... in the Dungeon (Sprint VII: "The Pits").
             The game lasted 00:01:44 (162 turns).

Darkkill the Trooper (Gargoyle Monk)                 Turns: 162, Time: 00:01:44

Health: -5/28      AC:  5    Str: 17    XL:     4   Next: 61%
Magic:  4/4        EV: 13    Int: 10    God:    Hepliaklqana [**....]
Gold:   0          SH:  0    Dex: 12    Spells: 3/3 levels left

rFire   . . .      SeeInvis .    j - +2 quarterstaff
rCold   . . .      Faith    .    (shield currently unavailable)
rNeg    + . .      Spirit   .    b - +0 robe
rPois   ∞          Reflect  .    (no helmet)
rElec   +          Harm     .    (no cloak)
rCorr   .          Rampage  .    (no gloves)
Will    .....      NoTele   +    (no boots)
Stlth   +++.......               (no amulet)
HPRegen 0.24/turn                (no ring)
MPRegen 0.09/turn                (no ring)

@: no status effects
A: reduced essence, sickness immunity, AC +3, negative energy resistance 1,
electricity resistance, torment resistance 1, petrification resistance
a: Renounce Religion, Recall Ancestor, Ancestor Identity


You were in the Dungeon.
You worshipped Hepliaklqana.
Hepliaklqana was pleased with you.
You visited 1 branch

Inventory:

Hand Weapons
 a - a +0 mace
 j - a +2 quarterstaff (weapon)
Missiles
 l - 10 stones (quivered)
Armour
 b - a +0 robe (worn)
Scrolls
 i - a scroll of blinking
 m - 5 scrolls of amnesia
 n - a scroll of summoning
 o - 2 scrolls of vulnerability
Potions
 c - a potion of ambrosia
 d - a potion of curing {@q1}
 e - a potion of heal wounds
 f - a potion of haste
 g - 4 potions of magic
 h - 3 potions of berserk rage
 k - 2 potions of invisibility


   Skills:
 + Level 5.7 Fighting
 + Level 5.2 Maces & Flails
 + Level 4.3 Dodging
 + Level 5.5 Stealth


You had 3 spell levels left.
You didn't know any spells.
Your spell library was empty.

Dungeon Overview and Level Annotations

Branches:
Dungeon (1/1)

Altars:
Ashenzari
Cheibriados
Dithmenos
Elyvilon
Fedhas
Gozag
Hepliaklqana
Kikubaaqudgha
Makhleb
Nemelex Xobeh
Okawaru
Qazlal
Ru
Sif Muna
Trog
Uskayaw
Vehumet
Wu Jian
Xom
Yredelemnul
Zin
The Shining One
Jiyva
Lugonu


Innate Abilities, Weirdness & Mutations

Your life essence is reduced to manifest your ancestor. (-10% HP)
You are immune to sickness and miasma.
Your stone body is resilient. (AC +3)
You are immune to poison.
You resist negative energy. (rN+)
You are resistant to electric shocks. (rElec)
You are resistant to unholy torment.
You are immune to petrification.


Message History

The scorpion seems less confused.
The scorpion barely misses Mira.
Mira closely misses the scorpion.
The scorpion closely misses Mira.
Mira closely misses the scorpion.
Mira hits the scorpion with a +0 dagger of draining.
The scorpion dies!
Your Fighting skill gained 2 levels and is now at level 5!
Your Maces & Flails skill increases to level 4!
Your Dodging skill increases to level 3!
Your Stealth skill gained 2 levels and is now at level 4!
You have reached level 2!
You have reached level 3!
Your experience leads to an increase in your attributes!
Increase (S)trength, (I)ntelligence, or (D)exterity?
You feel stronger. x2
Mira remembers more of their old skill.
You have reached level 4!
You feel stronger.
Mira remembers more of their old skill.
There is an open door here.
Mira hits the gnoll with a +0 dagger of draining.
Mira drains the gnoll.
Mira hits the gnoll with a +0 dagger of draining.
The gnoll misses Mira.
Mira hits the gnoll with a +0 dagger of draining.
The gnoll dies!
Mira casts a spell at the goblin.
The goblin resists with significant effort.
Your Dodging skill increases to level 4!
Your Stealth skill increases to level 5!
There is an open door here.
Mira hits the goblin with a +0 dagger of draining.
The goblin dies!
There is an open door here.
You swap places.
There is an open door here.
Remember Mira's name as what? noah Yes, noah is definitely a better name.
Was noah a) male, b) female, or c) neither? (Currently neither.) Noah was always male, you're pretty sure.
You start resting.
HP restored.
There is an open door here.
Things that are here:
a +0 dagger; a +0 spear; a gnoll corpse You open the door.
A gnoll comes into view. It is wielding a +0 spear.
A gnoll, an orc and a river rat come into view.
The gnoll shouts!
You hear a shout! x4
Noah gestures at the gnoll while chanting.
The gnoll resists with some effort.
The gnoll hits noah from afar with a +0 spear.
A gnoll comes into view. It is wielding a +0 club.
The orc shouts!
There is an open door here.
A hobgoblin comes into view.
The gnoll hits you from afar with a +0 spear.
A gnoll comes into view. It is wielding a +0 flail.
The gnoll hits noah with a +0 spear!
You hit the gnoll.
The gnoll is heavily wounded.
Noah barely misses the gnoll.
Noah gestures at the gnoll while chanting.
The gnoll appears confused.
The gnoll hits you with a +0 spear. The gnoll barely misses you.
A gnoll sergeant comes into view. It is wielding a +0 spear.
You completely miss the gnoll.
The gnoll is heavily wounded.
Noah completely misses the gnoll.
The river rat closely misses you.
The gnoll hits you from afar with a +0 spear.
The gnoll closely misses the gnoll.
Noah completely misses the gnoll.
You barely miss the gnoll.
The gnoll is heavily wounded.
Noah hits the gnoll with a +0 dagger of draining.
Noah drains the gnoll.
The gnoll dies!
The gnoll barely misses you. The river rat closely misses you.
Noah casts a spell at the hobgoblin.
The hobgoblin seems to slow down.
Your Maces & Flails skill increases to level 5!
You strike the helpless hobgoblin from behind!
You hit the hobgoblin.
You kill the hobgoblin!
The river rat bites you.
The gnoll hits you from afar with a +0 spear.
Noah hits the gnoll with a +0 dagger of draining.
Noah drains the gnoll.
Noah hits the gnoll with a +0 dagger of draining.
The gnoll dies!
The river rat barely misses you. The orc closely misses you.
The gnoll hits you with a +0 spear. The gnoll barely misses you.
The gnoll sergeant hits you from afar with a +0 spear.
* * * LOW HITPOINT WARNING * * *
Things that are here:
a +0 club; a +0 spear; a hobgoblin corpse You sock the gnoll!
The gnoll is severely wounded.
The river rat closely misses you. The orc barely misses you.
The gnoll closely misses you. The gnoll hits you but does no damage.
The gnoll sergeant hits you from afar with a +0 spear!
You die...

#.........†.'.........
#+#####'#####......#..
#..#..# #.........
#..)..# ####'#####
#..#### #.......#
#..#..# #.......#
#..#..# #.......#
##'#gg#+###...<...#
#.R@g....##.......#
#..ro....##.......#
###########.......#
#########


You could see the friendly noah the hexer, a gnoll sergeant, 2 gnolls, a river
rat (ally target) and an orc.

Vanquished Creatures
  A bat zombie (D)
  A hobgoblin (D)
  A frilled lizard (D)
  A rat (D)
4 creatures vanquished.

Vanquished Creatures (collateral kills)
  A scorpion (D)
  3 gnolls (D)
  A goblin (D)
5 creatures vanquished.

Grand Total: 9 creatures vanquished

Notes
Turn   | Place    | Note
-------+----------+-------------------------------------------
     0 | D        | Darkkill the Gargoyle Monk began the quest for the Orb.
     0 | D        | Reached XP level 1. HP: 14/14 MP: 1/1
    44 | D        | Found a bloodstained altar of Trog.
    44 | D        | Found a shimmering blue altar of Sif Muna.
    44 | D        | Found a viscous altar of Jiyva.
    44 | D        | Found a hazy altar of Hepliaklqana.
    44 | D        | Found an opulent altar of Gozag.
    45 | D        | Found a glowing golden altar of the Shining One.
    45 | D        | Found a glowing silver altar of Zin.
    45 | D        | Found a basalt altar of Yredelemnul.
    45 | D        | Found a shimmering altar of Xom.
    45 | D        | Found an ornate altar of the Wu Jian Council.
    45 | D        | Found a sacrificial altar of Ru.
    45 | D        | Found a stormy altar of Qazlal.
    45 | D        | Found an iron altar of Okawaru.
    45 | D        | Found a sparkling altar of Nemelex Xobeh.
    45 | D        | Found a burning altar of Makhleb.
    45 | D        | Found a blossoming altar of Fedhas.
    45 | D        | Found a white marble altar of Elyvilon.
    45 | D        | Found a shadowy altar of Dithmenos.
    45 | D        | Found a snail-covered altar of Cheibriados.
    48 | D        | Found a corrupted altar of Lugonu.
    48 | D        | Found a radiant altar of Vehumet.
    49 | D        | Found an ancient bone altar of Kikubaaqudgha.
    49 | D        | Found a hide-covered altar of Uskayaw.
    49 | D        | Found a broken altar of Ashenzari.
    51 | D        | Became a worshipper of Hepliaklqana the Forgotten
    51 | D        | Reached * piety under Hepliaklqana
    51 | D        | Reached ** piety under Hepliaklqana
    52 | D        | Remembered your ancestor noah as a hexer
    74 | D        | Noticed a scorpion
    80 | D        | Killed a scorpion
    81 | D        | Reached skill level 5 in Fighting
    81 | D        | Reached XP level 2. HP: 7/18 MP: 2/2
    81 | D        | Reached XP level 3. HP: 9/23 MP: 3/3
    81 | D        | Reached XP level 4. HP: 11/27 MP: 4/4
    83 | D        | Reached skill level 5 in Stealth
   157 | D        | Noticed a gnoll sergeant
   160 | D        | Reached skill level 5 in Maces & Flails
   162 | D        | Slain by a gnoll sergeant

Illustrated notes

Levels and vault maps discovered:
D:        pitsprint [storerooms_1, entrance_room_1, metal_vault_1, armoury_1,
          mini_pit_1, grid_room_1, main_hall_1, silver_pit, the_coven_3,
          the_vestibule_1, steel_vault_5, golden_pit, hallway_of_sentries,
          crystal_vault_2, iron_vault_3, final_vault]

Skill      XL: |  1  2  3  4 |
---------------+-------------+-----
Fighting       | 5 |  5.7
Maces & Flails | 4 5 |  5.2
Dodging        | 3 4 |  4.3
Stealth        | 4 5 |  5.5

Action                   |  1- 3 |  4- 6 || total
-------------------------+-------+-------++-------
Melee: Quarterstaff      |     6 |     5 ||    11
       Mace              |     1 |       ||     1
Invok: Ancestor Life: He |     1 |       ||     1
       Ancestor Identity |       |     1 ||     1
 Stab: Distracted        |       |     1 ||     1
Armor: Robe              |     3 |     1 ||     4
Dodge: Dodged            |     6 |    10 ||    16

Table legend: (Time is in decaauts)
 A = Elapsed time spent in this place.
 B = Non-inter-level travel time spent in this place.
 C = Inter-level travel time spent in this place.
 D = Time resting spent in this place.
 E = Time spent auto-exploring this place.
 F = Levels seen in this place.
 G = Mean time per level.
                   A        B        C        D        E       F      G
               +--------+--------+--------+--------+--------+-----+--------+
         Total |    163 |    163 |      0 |     59 |      0 |   1 |  163.0 |
       Dungeon |    163 |    163 |      0 |     59 |      0 |   1 |  163.0 |
               +--------+--------+--------+--------+--------+-----+--------+

Top non-repeatable levels by time:
       D: 163 daAuts

Table legend:
 A = Kills in this place as a percentage of kills in entire the game.
 B = Kills by you in this place as a percentage of kills by you in the entire game.
 C = Kills by friends in this place as a percentage of kills by friends in the entire game.
 D = Other kills in this place as a percentage of other kills in the entire game.
 E = Experience gained in this place as a percentage of experience gained in the entire game.
 F = Experience gained in this place divided by the number of levels of this place that you have seen.
                   A       B       C       D       E      F
               +-------+-------+-------+-------+-------+----------------------
         Total | 100.0 | 100.0 | 100.0 |   N/A | 100.0 | 133.0
       Dungeon | 100.0 | 100.0 | 100.0 |   N/A | 100.0 | 133.0
               +-------+-------+-------+-------+-------+----------------------
